 Dungeon Crawl Stone Soup version 0.26-a0-800-g517d6fe721 (webtiles) character file.

Game seed: 12390589593468129252

534 Sun the Insei (level 6, -19/50 HPs)
             Began as a Demigod Transmuter on Nov 11, 2020.
             Demolished by an ogre
             ... wielding a +0 giant club
              (25 damage)
             ... on level 5 of the Dungeon.
             The game lasted 00:08:19 (6326 turns).

Sun the Insei (Demigod Transmuter)                  Turns: 6326, Time: 00:08:20

Health: -19/50     AC:  3    Str: 13    XL:     6   Next: 74%
Magic:  9/11       EV: 13    Int: 21    God:
Gold:   311        SH:  0    Dex: 14    Spells: 2/8 levels left

rFire    + . .     SeeInvis .     - Unarmed
rCold    . . .     Faith    .   (no shield)
rNeg     . . .     Spirit   .   a - +0 robe
rPois    +         Reflect  .   (helmet currently unavailable)
rElec    .         Harm     .   b - +0 cloak
rCorr    .         Rampage  .   (no gloves)
MR       .....                  (boots currently unavailable)
Stlth    +.........             (no amulet)
HPRegen  0.16/turn              e - ring of poison resistance
MPRegen  0.12/turn              z - ring of wizardry

@: appendages, wereblooded
A: horns 2, talons 2, blink, clumsy 1, fire resistance 1, high mp 1, screaming 1
a: End Transformation, Blink


You were on level 5 of the Dungeon.
You had grown temporary horns.
You had grown temporary talons.
You visited 1 branch of the dungeon, and saw 5 of its levels.

You collected 311 gold pieces.

Inventory:

Hand Weapons
 l - a +0 hunting sling
Missiles
 g - 10 boomerangs (quivered)
 i - 17 stones
 r - 17 poisoned darts
 s - 20 sling bullets
 y - 3 atropa-tipped darts
Armour
 a - a +0 robe (worn)
 b - a +0 cloak (worn)
 u - a +0 hat
Jewellery
 e - a ring of poison resistance (left hand)
 w - an uncursed ring of magical power
 z - a ring of wizardry (right hand)
 A - an uncursed ring of protection from fire {unknown}
Scrolls
 c - a scroll of enchant armour {unknown}
 f - 6 scrolls of identify {unknown}
 j - 4 scrolls of remove curse
 k - 3 scrolls of immolation {unknown}
 m - 3 scrolls of teleportation {unknown}
Potions
 d - 2 potions of curing {unknown}
 h - a potion of resistance {unknown}
 n - a potion of might {unknown}
 o - 2 potions of heal wounds {unknown}
 p - a potion of degeneration {unknown}
 q - 3 potions of mutation
 t - a potion of flight {unknown}
 v - a potion of berserk rage {unknown}
 x - 2 potions of brilliance {unknown}


   Skills:
 + Level 2.9 Fighting
 + Level 3.4 Dodging
 * Level 5.1 Unarmed Combat
 - Level 1.7 Spellcasting
 + Level 3.4 Transmutations


You had 2 spell levels left.
You knew the following spells:

 Your Spells              Type           Power        Failure   Level
a - Beastly Appendage     Tmut           ###...       1%          1
b - Wereblood             Tmut           ###.....     2%          2
c - Spider Form           Tmut/Pois      #.........   9%          3

Your spell library contained the following spells:

 Spells                   Type           Power        Failure   Level
 Ice Form                 Ice/Tmut       #.......     28%         4
 Blade Hands              Tmut           ###.......   38%         5


Dungeon Overview and Level Annotations

Branches:
Dungeon (5/15)
 Temple: D:4-7

Annotations:
D:4 3 runed translucent doors, Rem's ghost, amateur OpTm


Innate Abilities, Weirdness & Mutations

You have an increased reservoir of magic. (+10% MP)
You have a pair of horns on your head.
You have razor-sharp toenails.
You can translocate small distances at will.
You are clumsy. (Dex -2)
Your flesh is heat resistant. (rF+)
You occasionally shout uncontrollably at your foes.


Message History

The ogre is lightly wounded.
The ogre hits you with a +0 giant club!!
You barely miss the ogre. You claw the ogre!
You headbutt the ogre, but do no damage.
You punch the ogre.
The ogre is heavily wounded.
The ogre hits you with a +0 giant club!!
* * * LOW HITPOINT WARNING * * *
You are too injured to fight recklessly!
You are too injured to fight recklessly!
Unknown command.
Okay, then.
As you read the scroll labelled IWOIM GIGE, it crumbles to dust.
You feel blessed for a moment.
It was a scroll of remove curse.
It was a potion of mutation.
You feel extremely strange.
You feel the urge to shout.
You feel clumsy.
You feel resistant to heat.
You feel jittery.
The ogre hits you with a +0 giant club!!
Ouch! That really hurt!
You die...

#.....# #.# #.##### ##'##
#.# ##...## #.####
##.....## ###.##.##
##.......##
........####.........####.
.##........+.).......'....
###...####..(......###
#..## ##...@O..## #o.#
##....>## ..... ##...##
##..#.# ##'## #..#.# #.#
#. #.# ..# ...


You could see an ogre.

Vanquished Creatures
  An ice beast (D:5)
  An ogre (D:4)
  An orc priest (D:5)
  2 orc wizards
  3 worker ants (D:4)
  3 gnolls
  8 adders
  2 adder skeletons (D:4)
  2 worms
  A dart slug (D:3)
  6 leopard geckos
  11 orcs
  6 bats
  2 giant cockroaches (D:4)
  7 hobgoblins
  A ball python (D:2)
  3 frilled lizards
  12 goblins
  A jackal skeleton (D:4)
  7 kobolds
  8 rats
88 creatures vanquished.

Notes
Turn   | Place    | Note
-------+----------+-------------------------------------------
     0 | D:1      | Sun the Demigod Transmuter began the quest for the Orb.
     0 | D:1      | Reached XP level 1. HP: 15/15 MP: 5/5
    25 | D:1      | Reached skill level 1 in Fighting
   554 | D:1      | Reached skill level 3 in Unarmed Combat
   554 | D:1      | Reached XP level 2. HP: 15/23 MP: 7/7
  1233 | D:2      | Reached XP level 3. HP: 28/28 MP: 8/8
  2543 | D:3      | Reached XP level 4. HP: 33/36 MP: 9/9
  2737 | D:2      | Learned a level 2 spell: Wereblood
  2741 | D:2      | Learned a level 3 spell: Spider Form
  3261 | D:3      | Reached skill level 4 in Unarmed Combat
  3458 | D:4      | Noticed an ogre
  3472 | D:4      | Killed an ogre
  3472 | D:4      | Reached XP level 5. HP: 5/42 MP: 10/10
  4060 | D:4      | Found a runed translucent gate.
  4060 | D:4      | Found a runed translucent gate.
  4060 | D:4      | Found a runed translucent gate.
  4118 | D:4      | Found a white marble altar of Elyvilon.
  4846 | D:4      | Reached XP level 6. HP: 38/50 MP: 5/11
  5053 | D:4      | Noticed Rem's ghost (amateur OpTm)
  5587 | D:5      | Entered Level 5 of the Dungeon
  5643 | D:5      | Reached skill level 5 in Unarmed Combat
  6326 | D:5      | Gained mutation: You occasionally shout uncontrollably at
                  | your foes. [potion of mutation]
  6326 | D:5      | Gained mutation: You are clumsy. (Dex -2) [potion of
                  | mutation]
  6326 | D:5      | Gained mutation: Your flesh is heat resistant. (rF+)
                  | [potion of mutation]
  6326 | D:5      | Gained mutation: You can translocate small distances at
                  | will. [potion of mutation]
  6326 | D:5      | Demolished by an ogre

Illustrated notes

Levels and vault maps discovered:
D:1:      lightli_iron_boxes, layout_basic, chequers_decorated_corner
D:2:      layout_basic
D:3:      layout_basic
D:4:      lemuel_upstairs_altar, layout_loops_ring, elyvilon_altar_5,
          gammafunk_ghost_icy
D:5:      layout_loops_corners, minmay_temple_entry_proselytizer, uniq_ijyb

Skill      XL: |  1  2  3  4  5  6 |
---------------+-------------------+-----
Fighting       | 1 2 |  2.9
Unarmed Combat | 3 4 5 |  5.1
Dodging        | 2 3 |  3.4
Transmutations | 2 3 |  3.4
Spellcasting   | |  1.7

Action                   |  1- 3 |  4- 6 || total
-------------------------+-------+-------++-------
Melee: Unarmed           |   105 |   182 ||   287
       Headbutt          |     2 |    18 ||    20
       Kick              |     4 |    21 ||    25
       Punch             |       |     3 ||     3
 Fire: Hunting sling     |    54 |     8 ||    62
Throw: Boomerang         |    17 |       ||    17
 Cast: Beastly Appendage |     4 |    14 ||    18
       Spider Form       |       |     6 ||     6
       Wereblood         |       |     8 ||     8
  Use: Scroll            |       |     1 ||     1
       Potion            |       |     1 ||     1
 Stab: Sleeping          |     1 |     2 ||     3
Armor: Robe              |    44 |    21 ||    65
       Skin              |       |     1 ||     1
Dodge: Dodged            |   121 |   118 ||   239

Table legend: (Time is in decaauts)
 A = Elapsed time spent in this place.
 B = Non-inter-level travel time spent in this place.
 C = Inter-level travel time spent in this place.
 D = Time resting spent in this place.
 E = Time spent auto-exploring this place.
 F = Levels seen in this place.
 G = Mean time per level.
                   A        B        C        D        E       F      G
               +--------+--------+--------+--------+--------+-----+--------+
         Total |   6320 |   6163 |    157 |   1931 |   3445 |   5 | 1264.0 |
       Dungeon |   6320 |   6163 |    157 |   1931 |   3445 |   5 | 1264.0 |
               +--------+--------+--------+--------+--------+-----+--------+

Top non-repeatable levels by time:
     D:4: 2247 daAuts
     D:2: 1466 daAuts
     D:1: 1143 daAuts
     D:3: 1127 daAuts
     D:5: 336 daAuts
